 Dungeon Crawl Stone Soup version 0.28.0-61-g67df4f89a8 (webtiles) character file.

Game seed: 13811451686079334015

164612 AarnesTheHuman the Severer (level 17, -1/241 HPs)
             Began as a Hill Orc Fighter on Feb 13, 2023.
             Was a High Priest of Okawaru.
             Engulfed by a death drake's foul pestilence (8 damage)
             ... on level 2 of the Swamp on Feb 14, 2023.
             The game lasted 01:14:57 (49523 turns).

AarnesTheHuman the Severer (Hill Orc Fighter)      Turns: 49523, Time: 01:14:57

Health: -1/241     AC: 22    Str: 30 (32) XL:     17   Next: 86%
Magic:  29/29      EV: 16    Int:  6 (8)  God:    Okawaru [*****.]
Gold:   2349       SH: 14    Dex: 18      Spells: 21/24 levels left

rFire   + . .      SeeInvis .   a - +6 broad axe (flame)
rCold   . . .      Faith    .   Y - +1 kite shield {reflect}
rNeg    + . .      Spirit   .   N - +3 chain mail {Will+}
rPois   +          Reflect  +   W - +0 helmet "Nenoonuz" {rElec rN+ Str+3}
rElec   +          Harm     .   L - scarf {+Inv}
rCorr   .          Rampage  .   Q - +0 pair of gloves of Okawaru's Displeasure {rPois Str+2}
Will    ++...                   F - +2 pair of boots
Stlth   ..........              A - amulet of the acrobat
HPRegen 0.50/turn               e - ring of Lugofur {EV+4 Dex+10}
MPRegen 0.21/turn               G - ring of protection from fire

@: berserking, lethally poisoned (-1 -> -56), slowed
A: clumsy 1, mutation resistance 1, screaming 1
a: Renounce Religion, Evoke Invisibility, Heroism, Finesse, Duel


You were on level 2 of the Swamp.
You worshipped Okawaru.
Okawaru was extremely pleased with you.
You visited 6 branches of the dungeon, and saw 30 of its levels.
You also visited: Gauntlet.

You collected 2959 gold pieces.
You spent 610 gold pieces at shops.

Inventory:

Hand Weapons
 a - a +6 broad axe of flaming (weapon)
 b - the +3 hunting sling of Sunlight {venom, rElec Will+ Str-4 Stlth+}
   (You bought it in a shop on level 2 of the Orcish Mines)

   Any ammunition fired from it poisons the flesh of those it strikes.
   Str:       It affects your strength (-4).
   rElec:     It insulates you from electricity.
   Will:      It increases your willpower.
   Stlth:     It makes you more stealthy.
 x - the +8 war axe "Udiup" {venom, rN+++ rCorr Str+4 Stlth-}
   (You acquired it on level 11 of the Dungeon)

   It poisons the flesh of those it strikes.
   Str:       It affects your strength (+4).
   rN:        It renders you almost immune to negative energy.
   rCorr:     It protects you from acid and corrosion.
   Stlth:     It makes you less stealthy.
 I - a +2 broad axe of freezing
 V - the +8 broad axe of the Globe {holy, rN+ rCorr Stlth+}
   (Okawaru gifted it to you on level 3 of the Lair of Beasts)

   It has been blessed by the Shining One to cause great damage to the undead
   and demons.
   rN:        It protects you from negative energy.
   rCorr:     It protects you from acid and corrosion.
   Stlth:     It makes you more stealthy.
Missiles
 f - 159 sling bullets
 p - 6 throwing nets
 s - 51 poisoned darts (quivered)
 C - 10 curare-tipped darts
 M - 6 javelins
 R - 2 silver javelins
Armour
 F - a +2 pair of boots (worn)
 L - a scarf of invisibility (worn)
 N - a +3 chain mail of willpower (worn)
 Q - the +0 pair of gloves of Okawaru's Displeasure (worn) {rPois Str+2}
   (Okawaru gifted it to you on level 1 of the Lair of Beasts)

   Str:       It affects your strength (+2).
   rPois:     It protects you from poison.
 W - the +0 helmet "Nenoonuz" (worn) {rElec rN+ Str+3}
   (Okawaru gifted it to you on level 3 of the Lair of Beasts)

   Str:       It affects your strength (+3).
   rElec:     It insulates you from electricity.
   rN:        It protects you from negative energy.
 Y - a +1 kite shield of reflection (worn)
Jewellery
 e - the ring of Lugofur (left hand) {EV+4 Dex+10}
   (You found it on level 4 of the Lair of Beasts)

   [ring of evasion]

   EV:        It affects your evasion (+4).
   Dex:       It affects your dexterity (+10).
 i - a +4 ring of evasion
 k - a ring of protection from fire
 A - an amulet of the acrobat (around neck)
 G - a ring of protection from fire (right hand)
 H - a +4 ring of slaying
Wands
 u - a wand of iceblast (22)
 w - a wand of mindburst (32)
 y - a wand of acid (19)
Scrolls
 g - 3 scrolls of identify
 l - a scroll of fog
 B - 4 scrolls of fear
 D - 7 scrolls of immolation
 J - 11 scrolls of teleportation
 O - 5 scrolls of blinking
 P - 4 scrolls of silence
 S - a scroll of holy word
 U - 8 scrolls of magic mapping
Potions
 d - 4 potions of might
 h - 4 potions of curing
 j - a potion of berserk rage
 m - 6 potions of haste
 n - 4 potions of resistance
 o - 2 potions of invisibility
 q - 4 potions of magic
 r - 2 potions of ambrosia
 t - 2 potions of lignification
 v - 3 potions of heal wounds
 z - 2 potions of brilliance
 E - 2 potions of flight
 K - a potion of cancellation
Miscellaneous
 c - a tin of tremorstones (2/2)


   Skills:
 - Level 17.0 Fighting
 - Level 18.0 Axes
 + Level 9.0 Slings
 + Level 13.0 Armour
 + Level 7.0 Dodging
 + Level 13.0 Shields
 - Level 4.0 Spellcasting
 - Level 4.7 Ice Magic
 - Level 17.0 Invocations


You had 21 spell levels left.
You knew the following spells:

 Your Spells              Type           Power      Damage    Failure   Level
a - Frozen Ramparts       Ice            12%        1d3       67%         3

Your spell library contained the following spells:

 Spells                   Type           Power      Damage    Failure   Level
 Freeze                   Ice            24%        1d5       32%         1
 Ozocubu's Armour         Ice            6%         N/A       67%         3
 Beastly Appendage        Tmut           2%         N/A       92%         1
 Shock                    Conj/Air       4%         1d3       92%         1
 Corpse Rot               Necr/Air       2%         N/A       98%         2
 Poisonous Vapours        Pois/Air       2%         N/A       98%         2
 Sublimation of Blood     Necr           1%         N/A       98%         2
 Wereblood                Tmut           1%         N/A       98%         2
 Ignite Poison            Fire/Tmut/Pois 1%         N/A       100%        3
 Mephitic Cloud           Conj/Pois/Air  1%         N/A       100%        3
 Portal Projectile        Hex/Tloc       2%         N/A       100%        3
 Spider Form              Tmut/Pois      1%         N/A       100%        3
 Swiftness                Air            1%         N/A       100%        3
 Airstrike                Air            0%         N/A       100%        4
 Hailstorm                Conj/Ice       4%         3d4       100%        4
 Alistair's Intoxication  Tmut/Pois      0%         N/A       100%        5
 Blade Hands              Tmut           0%         N/A       100%        5
 Borgnjor's Vile Clutch   Necr/Erth      0%         N/A       100%        5
 Excruciating Wounds      Necr           0%         N/A       100%        5
 Fireball                 Conj/Fire      0%         3d3       100%        5
 Freezing Cloud           Conj/Ice/Air   1%         6-21      100%        5
 Irradiate                Conj/Tmut      0%         3d14      100%        5
 Iskenderun's Battlesphe  Conj           1%         2d6       100%        5
 Metabolic Englaciation   Hex/Ice        2%         N/A       100%        5
 Conjure Ball Lightning   Conj/Air       0%         3x3d6     100%        6
 Eringya's Noxious Bog    Tmut/Pois      0%         N/A       100%        6
 Iron Shot                Conj/Erth      0%         9d1       100%        6
 Starburst                Conj/Fire      0%         6d3       100%        6
 Dragon Form              Tmut           0%         N/A       100%        7
 Orb of Destruction       Conj           0%         9d5       100%        7
 Ignition                 Fire           0%         3d3       100%        8
 Simulacrum               Ice/Necr       Unusable   N/A       N/A         6
 Spellforged Servitor     Conj/Summ      Unusable   N/A       N/A         7
 Summon Hydra             Summ           Unusable   N/A       N/A         7

Dungeon Overview and Level Annotations

Branches:
Dungeon (15/15)            Temple (1/1) D:6            Lair (6/6) D:9
  Swamp (2/4) Lair:4       Spider (4/4) Lair:3        Slime (0/5) Lair:5
    Orc (2/2) D:12            Elf (0/3) Orc:2        Vaults (0/5) D:13
 Depths (0/4) D:15        Gauntlet (visited)

Altars:
Ashenzari
Cheibriados
Dithmenos
Elyvilon
Fedhas
Gozag
Hepliaklqana
Kikubaaqudgha
Makhleb
Nemelex Xobeh
Okawaru
Qazlal
Ru
Sif Muna
Trog
Uskayaw
Vehumet
Wu Jian
Xom
Yredelemnul
Zin
The Shining One
Beogh
Jiyva

Shops:
D:9 :   D:11 ?   D:14 (   Orc:2 =?!*

Annotations:
D:3 3 runed translucent doors, Atelerd's ghost, amateur OpEE
D:8 exclusion: downstairs
D:12 exclusion: downstairs
D:14 1 runed translucent door, exclusion: downstairs, peterlawrence's ghost, journeyman MiFi


Innate Abilities, Weirdness & Mutations

You are clumsy. (Dex -2)
You are somewhat resistant to further mutation.
You occasionally shout uncontrollably at your foes.


Message History

* * * LOW HITPOINT WARNING * * *
You feel extremely sick. The death drake closely misses you.
The death drake bites you but does no damage.
Unknown command.
You are too berserk!
You closely miss the death drake.
The death drake is moderately wounded.
You are engulfed in dark miasma.
You are more poisoned.
You feel as though you will be slow longer.
* * * LOW HITPOINT WARNING * * *
x2 You feel extremely sick.
You block the death drake's attack.
You are too berserk!
You slice the death drake!! You burn the death drake!
The death drake is severely wounded.
You are engulfed in dark miasma.
You are more poisoned.
* * * LOW HITPOINT WARNING * * *
You feel extremely sick. The death drake completely misses you.
You closely miss the death drake.
The death drake is severely wounded.
You are engulfed in dark miasma.
You are more poisoned.
You feel as though you will be slow longer.
* * * LOW HITPOINT WARNING * * *
x2 You feel extremely sick.
The death drake bites you but does no damage.
You are too berserk!
Unknown command.
You are too berserk!
Unknown command.
You are too berserk!
Unknown command.
You closely miss the death drake.
The death drake is severely wounded.
You are engulfed in dark miasma.
You die...

♣♣♣≈ ♣♣♣♣≈♣.. ♣♣♣.♣.≈≈♣ .
.. ♣♣≈≈....≈♣≈. ♣≈≈.♣
♣≈.≈.[..≈... .≈≈≈<♣
♣....≈..(.. ♣≈≈≈
♣≈≈♣.♣♣♣≈....≈....
≈♣...♣♣♣§≈..♣≈..@(.§(≈≈.≈
≈≈♣♣.♣♣.≈.♣.≈..≈k........
≈≈≈♣≈♣♣♣..♣.♣.♣≈♣♣..♣..≈♣
≈≈♣≈≈♣♣.♣≈....≈♣♣ ..♣ ≈.♣
≈≈≈≈.≈♣♣.≈≈...♣♣ °(♣ ♣
≈♣≈.≈≈♣♣≈§...♣♣ ..♣
...♣≈.♣..≈.†.♣ k○≈
♣.≈≈.≈♣....≈♣♣ ...§
≈≈.≈.≈≈≈.....♣♣


You could see a death drake.

Vanquished Creatures
  Bai Suzhen (Spider:2)
  Arachne (Spider:2)
  Jorgrun (Spider:3)
  A tentacled monstrosity (Swamp:2)
  Mlioglotl (Spider:1)
  Frances (Spider:1)
  Kirke (Spider:1)
  Gastronok (D:8)
  Donald (Orc:2)
  An emperor scorpion (Spider:2)
  3 ghost moths (Spider:3)
  A broodmother (Spider:1)
  A quicksilver ooze (Lair:4)
  Azrael (Orc:2)
  2 bunyips
  3 entropy weavers
  A minotaur (Gauntlet)
  2 dire elephants (Swamp:1)
  A spark wasp (Spider:3)
  Josephine (Lair:5)
  7 hydras
  4 boulder beetles
  A ghost crab (Swamp:1)
  4 catoblepae
  8 vault guards
  7 centaur warriors
  A radroach (Spider:4)
  11 death yaks
  Erica (D:8)
  A jorogumo (Spider:1)
  7 two-headed ogres
  2 deep troll shamans
  A tengu warrior (D:15)
  6 alligators
  An orc high priest (Orc:1)
  A soul eater (Gauntlet)
  Sonja (Lair:1)
  A deep elf knight (Swamp:1)
  3 spriggans (Swamp:1)
  3 pharaoh ants
  5 skeletal warriors (D:11)
  2 deep trolls (D:13)
  A steelbarb worm (Spider:1)
  4 goliath frogs
  2 swamp dragons
  2 bog bodies
  2 spriggan druids (Swamp:1)
  3 orb spiders
  A deep elf archer (Swamp:1)
  An orc knight (D:11)
  A lindwurm (Lair:6)
  A necromancer (D:15)
  Pikel (D:8)
  2 wizards (Gauntlet)
  A wolf spider zombie (D:15)
  10 orc sorcerers
  A deep elf pyromancer (D:15)
  9 wolf spiders
  7 ugly things
  A will-o-the-wisp (Swamp:1)
  A moth of wrath (Spider:3)
  3 manticores
  5 cyclopes
  9 elephants
  A naga mage (D:15)
  A black mamba (Lair:3)
  A torpor snail (Spider:2)
  2 gargoyles (D:13)
  4 demonic crawlers
  2 kobold demonologists (D:12)
  10 cane toads
  A minotaur zombie (Gauntlet)
  2 large abominations (Gauntlet)
  4 rime drakes
  An efreet (D:15)
  6 komodo dragons
  A tengu conjurer (D:14)
  22 meliai
  A queen bee (D:15)
  3 trolls
  4 polar bears
  17 tarantellas
  A hornet (shapeshifter) (D:15)
  5 hornets
  6 dream sheep
  14 slime creatures
  A raiju (shapeshifter) (D:14)
  21 blink frogs
  2 tyrant leeches (Swamp:2)
  A jumping spider zombie (Spider:4)
  8 jumping spiders
  Sigmund (D:4)
  10 culicivoras
  6 hogs (Spider:1)
  5 wyverns
  63 yaks
  A vampire (D:12)
  6 wraiths
  Eustachio (D:6)
  3 steam dragons
  41 redbacks
  6 basilisks
  8 vampire mosquitoes
  3 fire elementals
  6 small abominations (Gauntlet)
  An acid dragon (D:11)
  19 water moccasins
  10 swamp worms
  6 wargs
  5 hell hounds
  4 swamp drakes
  A meliai simulacrum (D:15)
  3 ice beasts
  5 black bears
  12 ogres
  3 necrophages
  18 orc warriors
  A sky beast (D:4)
  5 wolves (Lair:6)
  11 centaurs
  7 kobold brigands
  3 phantoms
  3 gnoll sergeants
  10 bullfrogs
  2 scorpions
  A wyvern skeleton (D:6)
  A troll zombie (D:12)
  15 killer bees
  A howler monkey (D:5)
  5 wights (D:8)
  2 electric eels
  6 centaur zombies
  4 lava snakes (D:15)
  8 jellies
  2 hounds
  18 orc priests
  3 gnoll shamans
  4 centaur skeletons
  4 iguanas
  43 orc wizards
  A killer bee zombie (D:6)
  7 ogre zombies (D:12)
  A hound skeleton (D:4)
  A howler monkey skeleton (D:7)
  9 adders
  27 gnolls
  7 shadow imps
  3 white imps
  2 ufetubi (D:5)
  2 worms (D:4)
  2 dart slugs
  92 orcs
  9 ball pythons
  20 endoplasms
  6 giant cockroaches
  10 hobgoblins
  4 jackals (D:1)
  7 quokkas
  6 bats
  7 frilled lizards
  6 goblins
  A goblin skeleton (D:12)
  3 goblin zombies (D:12)
  2 hobgoblin skeletons (D:12)
  3 hobgoblin zombies (D:12)
  10 kobolds
  2 orc skeletons (D:12)
  14 orc zombies (D:12)
  11 rats
995 creatures vanquished.

Vanquished Creatures (others)
  2 bloated husks
  A hound (D:6)
  4 foxfires (Swamp:1)
  35 fungi
  55 plants
  10 toadstools (D:6)
  25 withered plants
132 creatures vanquished.

Grand Total: 1127 creatures vanquished

Notes
Turn   | Place    | Note
-------+----------+-------------------------------------------
     0 | D:1      | AarnesTheHuman the Hill Orc Fighter began the quest for the
                  | Orb.
     0 | D:1      | Reached XP level 1. HP: 19/19 MP: 1/1
   224 | D:1      | Reached skill level 3 in Axes
   451 | D:1      | Reached XP level 2. HP: 27/27 MP: 2/2
   468 | D:1      | Found a faded altar of an unknown god.
   777 | D:1      | Reached XP level 3. HP: 32/33 MP: 3/3
  1358 | D:2      | Reached skill level 4 in Axes
  1503 | D:2      | Reached XP level 4. HP: 35/40 MP: 4/4
  1553 | D:2      | Identified the +2 leather armour of Voxzoek {rF+}
  2194 | D:2      | Reached XP level 5. HP: 34/47 MP: 5/5
  2286 | D:2      | Reached skill level 5 in Axes
  2926 | D:3      | Found a runed translucent gate.
  2926 | D:3      | Found a runed translucent gate.
  2926 | D:3      | Found a runed translucent gate.
  2926 | D:3      | Noticed a kobold brigand
  3185 | D:3      | Noticed Atelerd's ghost (amateur OpEE)
  3189 | D:3      | Identified the ring of Temptation {rCorr MP+9 Int+6 Dex-2}
  3325 | D:4      | Noticed Sigmund
  3337 | D:4      | Killed Sigmund
  3338 | D:4      | Reached skill level 5 in Fighting
  3338 | D:4      | Reached skill level 6 in Axes
  3338 | D:4      | Reached XP level 6. HP: 35/56 MP: 6/6
  3537 | D:4      | Noticed a black bear
  3561 | D:4      | Killed a black bear
  3562 | D:4      | Reached XP level 7. HP: 35/61 MP: 7/7
  3821 | D:4      | Reached skill level 5 in Armour
  3821 | D:4      | Reached skill level 5 in Shields
  3822 | D:4      | Reached skill level 7 in Axes
  4174 | D:5      | Entered Level 5 of the Dungeon
  4674 | D:4      | Reached XP level 8. HP: 44/70 MP: 8/8
  4805 | D:5      | Reached skill level 8 in Axes
  5801 | D:6      | Reached skill level 9 in Axes
  6243 | D:6      | Found a staircase to the Ecumenical Temple.
  6254 | Temple   | Entered the Ecumenical Temple
  6382 | Temple   | Became a worshipper of Warmaster Okawaru
  6658 | D:5      | Reached XP level 9. HP: 64/78 MP: 9/9
  6770 | D:6      | Reached skill level 10 in Axes
  6770 | D:6      | Reached skill level 1 in Invocations
  6853 | D:6      | Noticed Eustachio
  6860 | D:6      | Killed Eustachio
  6972 | D:5      | Reached * piety under Okawaru
  7276 | D:5      | Reached skill level 11 in Axes
  7797 | D:5      | Reached skill level 12 in Axes
  7797 | D:5      | Reached skill level 5 in Invocations
  8435 | D:7      | Found a glowing golden altar of the Shining One.
  8540 | D:7      | Noticed a hornet
  8546 | D:7      | Paralysed by a hornet for 1 turns
  8550 | D:7      | Killed a hornet
  8550 | D:7      | Reached ** piety under Okawaru
  8551 | D:7      | Reached XP level 10. HP: 38/86 MP: 13/15
  8932 | D:7      | Paralysed by a hornet for 1 turns
  8945 | D:7      | Reached skill level 13 in Axes
 10546 | D:8      | Noticed Gastronok
 10690 | D:8      | Killed Gastronok
 10690 | D:8      | Reached *** piety under Okawaru
 10691 | D:8      | Reached skill level 10 in Fighting
 11071 | D:8      | Noticed a two-headed ogre
 11084 | D:8      | Killed a two-headed ogre
 11610 | D:8      | Noticed Erica
 11625 | D:8      | Killed Erica
 11625 | D:8      | Reached **** piety under Okawaru
 11626 | D:8      | Reached XP level 11. HP: 13/102 MP: 17/17
 11992 | D:8      | Noticed Pikel
 12007 | D:8      | Killed Pikel
 12340 | D:8      | Identified the +10 whip "Yngias" {drain, Str+4}
 12618 | D:8      | Found a shimmering blue altar of Sif Muna.
 12898 | D:9      | Noticed a death yak
 12899 | D:9      | Noticed a death yak
 12987 | D:8      | Killed a death yak
 12988 | D:8      | Reached skill level 10 in Invocations
 13244 | D:9      | Noticed a two-headed ogre
 13251 | D:9      | Killed a two-headed ogre
 13597 | D:9      | Noticed a two-headed ogre
 13609 | D:9      | Killed a two-headed ogre
 13881 | D:9      | Noticed a death yak
 13883 | D:9      | Found a staircase to the Lair.
 13899 | D:9      | Killed a death yak
 13899 | D:9      | Reached ***** piety under Okawaru
 13911 | D:9      | Killed a death yak
 14334 | D:9      | Noticed a two-headed ogre
 14341 | D:9      | Killed a two-headed ogre
 14506 | D:9      | Found a snail-covered altar of Cheibriados.
 14534 | D:9      | Found a roughly hewn altar of Beogh.
 14870 | D:9      | Received a gift from Okawaru
 15224 | D:9      | Found Ypuicef's Book Boutique.
 15336 | Lair:1   | Entered Level 1 of the Lair of Beasts
 15447 | Lair:1   | Noticed an eight-headed hydra
 15462 | Lair:1   | Killed an eight-headed hydra
 15463 | Lair:1   | Reached XP level 12. HP: 64/113 MP: 19/19
 15614 | Lair:1   | Reached skill level 14 in Axes
 15803 | Lair:1   | Identified the +0 pair of gloves of Okawaru's Displeasure
                  | {rPois Str+2} (Okawaru gifted it to you on level 1 of the
                  | Lair of Beasts)
 15803 | Lair:1   | Received a gift from Okawaru
 16695 | Lair:2   | Noticed an eight-headed hydra
 16738 | Lair:2   | Killed an eight-headed hydra
 17367 | Lair:2   | Noticed Sonja
 17408 | Lair:1   | Killed Sonja
 17412 | Lair:1   | Reached skill level 15 in Axes
 18041 | Lair:2   | Reached skill level 10 in Shields
 18433 | Lair:2   | Noticed a four-headed hydra
 18447 | Lair:2   | Killed a four-headed hydra
 19180 | Lair:3   | Reached skill level 1 in Dodging
 19192 | Lair:3   | Identified the +8 broad axe of the Globe {holy, rN+ rCorr
                  | Stlth+} (Okawaru gifted it to you on level 3 of the Lair of
                  | Beasts)
 19192 | Lair:3   | Received a gift from Okawaru
 19193 | Lair:3   | Reached XP level 13. HP: 93/122 MP: 20/20
 19312 | Lair:3   | Identified the +1 chain mail "Yprapn" {Slay+3}
 19493 | Lair:3   | Found a hole to the Spider Nest.
 20408 | Lair:3   | Identified the +0 helmet "Nenoonuz" {rElec rN+ Str+3}
                  | (Okawaru gifted it to you on level 3 of the Lair of Beasts)
 20408 | Lair:3   | Received a gift from Okawaru
 21518 | Lair:4   | Noticed a quicksilver ooze
 21533 | Lair:4   | Killed a quicksilver ooze
 21893 | Lair:4   | Identified the ring of Lugofur {EV+4 Dex+10}
 22389 | Lair:4   | Found a staircase to the Swamp.
 22677 | Lair:4   | Reached skill level 16 in Axes
 23755 | Lair:5   | Received a gift from Okawaru
 23756 | Lair:5   | Reached skill level 17 in Axes
 23756 | Lair:5   | Reached XP level 14. HP: 109/132 MP: 23/23
 23865 | Lair:5   | Found a viscous altar of Jiyva.
 23866 | Lair:5   | Found a staircase to the Slime Pits.
 24037 | Lair:5   | Noticed Josephine
 24053 | Lair:5   | Killed Josephine
 24068 | Lair:4   | Reached skill level 18 in Axes
 24653 | Lair:6   | Entered Level 6 of the Lair of Beasts
 25186 | Lair:6   | Received a gift from Okawaru
 25503 | Lair:6   | Reached skill level 10 in Armour
 26251 | D:10     | Entered Level 10 of the Dungeon
 26642 | D:10     | Reached skill level 15 in Fighting
 26779 | D:10     | Found a sacrificial altar of Ru.
 28437 | D:11     | Received a gift from Okawaru
 28458 | D:11     | Reached XP level 15. HP: 126/141 MP: 24/26
 28820 | D:11     | Found Saosujof's Magic Scroll Emporium.
 28829 | D:11     | Bought a scroll of identify for 28 gold pieces
 28829 | D:11     | Bought a scroll of identify for 28 gold pieces
 28831 | D:11     | Identified a scroll of acquirement
 29162 | D:12     | Found a staircase to the Orcish Mines.
 29968 | Orc:1    | Entered Level 1 of the Orcish Mines
 29968 | Orc:1    | Found a bloodstained altar of Trog.
 30078 | D:12     | Reached skill level 15 in Invocations
 30263 | Orc:1    | Reached skill level 5 in Dodging
 30460 | Orc:1    | Reached ****** piety under Okawaru
 30615 | Orc:2    | Entered Level 2 of the Orcish Mines
 30687 | Orc:2    | Noticed Azrael
 30697 | Orc:2    | Killed Azrael
 30861 | Orc:2    | Received a gift from Okawaru
 30868 | Orc:2    | Noticed Donald
 30887 | Orc:2    | Killed Donald
 30939 | Orc:2    | Found Winak's Magic Scroll Shop.
 30939 | Orc:2    | Found Azim Warph's Jewellery Emporium.
 31109 | Orc:2    | Found a roughly hewn altar of Beogh.
 31162 | Orc:2    | Found Gungi's General Store.
 31162 | Orc:2    | Found Ter Poept's Distillery.
 31377 | Orc:2    | Found a staircase to the Elven Halls.
 31502 | Orc:2    | Bought the +3 hunting sling of Sunlight {venom, rElec Will+
                  | Str-4 Stlth+} for 554 gold pieces
 31609 | D:12     | Reached skill level 1 in Slings
 31786 | D:12     | Received a gift from Okawaru
 32077 | D:13     | Found a gate to the Vaults.
 32574 | D:13     | Received a gift from Okawaru
 32702 | D:13     | Found the necklace of Bloodlust {*Rage Will++ Int-3 Slay+6}
 33194 | D:13     | Reached skill level 5 in Slings
 33560 | D:13     | Found a gate to the Vaults.
 33860 | D:14     | Found Tupt's Weapon Boutique.
 33923 | D:14     | Found an iron altar of Okawaru.
 33946 | D:14     | Found a gate leading to a gauntlet.
 33963 | Gauntlet | Entered a Gauntlet
 33963 | Gauntlet | Found a transporter.
 33963 | Gauntlet | Found a transporter.
 33967 | Gauntlet | Found a transporter.
 33967 | Gauntlet | Found a transporter.
 33976 | Gauntlet | Found a transporter.
 34000 | Gauntlet | Found a transporter.
 34001 | Gauntlet | Found a large runed translucent door.
 34002 | Gauntlet | Found a large runed translucent door.
 34004 | Gauntlet | Found a transporter.
 34004 | Gauntlet | Found a large runed translucent door.
 34005 | Gauntlet | Found a runed translucent gate.
 34005 | Gauntlet | Found a large runed translucent door.
 34006 | Gauntlet | Found a transporter.
 34006 | Gauntlet | Found a runed translucent gate.
 34006 | Gauntlet | Found a transporter.
 34006 | Gauntlet | Found a large runed translucent door.
 34006 | Gauntlet | Found a large runed translucent door.
 34006 | Gauntlet | Found a runed translucent door.
 34007 | Gauntlet | Found a runed translucent gate.
 34007 | Gauntlet | Found a runed translucent door.
 34007 | Gauntlet | Found a large runed translucent door.
 34008 | Gauntlet | Found a large runed translucent door.
 34008 | Gauntlet | Noticed a cacodemon
 34010 | Gauntlet | Found a transporter.
 34015 | Gauntlet | Found a large runed translucent door.
 34015 | Gauntlet | Found a large runed translucent door.
 34016 | Gauntlet | Found a large runed translucent door.
 34017 | Gauntlet | Found a large runed translucent door.
 34046 | Gauntlet | Found a transporter.
 34068 | Gauntlet | Found a transporter.
 34102 | Gauntlet | Found a transporter.
 34116 | Gauntlet | Found a transporter.
 34132 | Gauntlet | Found a large runed translucent door.
 34132 | Gauntlet | Found a large runed translucent door.
 34133 | Gauntlet | Found a large runed translucent door.
 34134 | Gauntlet | Found a large runed translucent door.
 34219 | Gauntlet | Found a transporter.
 34235 | Gauntlet | Found a transporter.
 34349 | Gauntlet | Identified the ring of Doagacai {rN+ rCorr MP+9}
 34380 | Gauntlet | Reached XP level 16. HP: 141/151 MP: 27/27
 34400 | Gauntlet | Identified the ring "Vissul" {rPois Int+6}
 35263 | D:14     | Found a runed translucent door.
 35263 | D:14     | Noticed peterlawrence's ghost (journeyman MiFi)
 35708 | D:14     | Identified the +2 flail of the Eggplant {flame, rPois rF-
                  | rCorr Stlth+}
 35872 | D:15     | Entered Level 15 of the Dungeon
 36021 | D:15     | Found a white marble altar of Elyvilon.
 36228 | D:15     | Found a staircase to the Depths.
 36516 | D:15     | Identified the +6 scale mail of Ifupes {*Slow rC+ Will++}
 36942 | D:15     | Identified the +4 quarterstaff "Ygavi" {vorpal, rC- Will+++
                  | Int+5 Stlth+} (Okawaru gifted it to you on level 15 of the
                  | Dungeon)
 36942 | D:15     | Received a gift from Okawaru
 37947 | Spider:1 | Entered Level 1 of the Spider Nest
 38138 | Spider:1 | Noticed Mlioglotl
 38148 | Spider:1 | Killed Mlioglotl
 38770 | Spider:1 | Received a gift from Okawaru
 39625 | Spider:1 | Noticed Kirke
 39652 | Spider:1 | Killed Kirke
 39940 | Spider:1 | Noticed Frances
 39955 | Spider:1 | Killed Frances
 40404 | Spider:1 | Learned a level 3 spell: Frozen Ramparts
 40449 | Spider:2 | Acquired the +8 war axe "Udiup" {venom, rN+++ rCorr Str+4
                  | Stlth-}
 40487 | Spider:2 | Noticed Arachne
 40525 | Spider:2 | Killed Arachne
 40936 | Spider:2 | Reached skill level 1 in Ice Magic
 41000 | Spider:2 | Reached skill level 1 in Spellcasting
 41078 | Spider:2 | Reached XP level 17. HP: 134/160 MP: 28/28
 42474 | Spider:3 | Noticed Bai Suzhen
 42477 | Spider:3 | Noticed Jorgrun
 42542 | Spider:2 | Killed Bai Suzhen
 42542 | Spider:2 | Received a gift from Okawaru
 42663 | Spider:3 | Killed Jorgrun
 42885 | Spider:3 | Received a gift from Okawaru
 44253 | Spider:4 | Entered Level 4 of the Spider Nest
 44777 | Spider:3 | Gained mutation: You tend to lose your temper in combat.
                  | [mutagenic glow]
 44835 | Spider:3 | Lost mutation: You tend to lose your temper in combat.
                  | [potion of mutation]
 44835 | Spider:3 | Gained mutation: You expend magic power (3 MP) to
                  | strengthen your wands. [potion of mutation]
 44835 | Spider:3 | Gained mutation: You have an increased reservoir of magic.
                  | (+10% MP) [potion of mutation]
 45850 | Spider:3 | Gained mutation: You tend to lose your temper in combat.
                  | [mutagenic glow]
 46200 | Spider:3 | Lost mutation: You expend magic power (3 MP) to strengthen
                  | your wands. [potion of mutation]
 46200 | Spider:3 | Lost mutation: You tend to lose your temper in combat.
                  | [potion of mutation]
 46200 | Spider:3 | Gained mutation: You are clumsy. (Dex -2) [potion of
                  | mutation]
 46200 | Spider:3 | Gained mutation: You are frail. (-10% HP) [potion of
                  | mutation]
 46200 | Spider:3 | Gained mutation: Your spells are a little harder to cast,
                  | but a little more powerful. [potion of mutation]
 46312 | Spider:4 | Lost mutation: You are frail. (-10% HP) [potion of
                  | mutation]
 46312 | Spider:4 | Lost mutation: Your spells are a little harder to cast, but
                  | a little more powerful. [potion of mutation]
 46312 | Spider:4 | Gained mutation: You do not regenerate when monsters are
                  | visible. [potion of mutation]
 46313 | Spider:4 | Lost mutation: You have an increased reservoir of magic.
                  | (+10% MP) [potion of mutation]
 46313 | Spider:4 | Lost mutation: You do not regenerate when monsters are
                  | visible. [potion of mutation]
 46313 | Spider:4 | Gained mutation: You occasionally shout uncontrollably at
                  | your foes. [potion of mutation]
 46313 | Spider:4 | Gained mutation: You are somewhat resistant to further
                  | mutation. [potion of mutation]
 46430 | Spider:3 | Received a gift from Okawaru
 46950 | Swamp:1  | Entered Level 1 of the Swamp
 47018 | Swamp:1  | Received a gift from Okawaru
 47496 | Swamp:1  | Identified the +9 quarterstaff "Tuklupn" {pain, Int+2}
                  | (Okawaru gifted it to you on level 1 of the Swamp)
 47496 | Swamp:1  | Received a gift from Okawaru
 48561 | Swamp:2  | Found a sparkling altar of Nemelex Xobeh.
 49157 | Swamp:2  | Noticed a tentacled monstrosity
 49175 | Swamp:2  | Killed a tentacled monstrosity
 49522 | Swamp:2  | HP: 7/241 [poisoned by a death drake (dark miasma)]
 49523 | Swamp:2  | Engulfed by a death drake's foul pestilence

Illustrated notes

Levels and vault maps discovered:
D:1:      onia_arrival_mini_spirals, layout_loops_ring,
          dreamdust_ecumenical_altar_hidden_monk_grotto, nrook_uturn
D:2:      minmay_general_purpose_star, layout_basic,
          minmay_randomly_rotated_circles
D:3:      layout_rooms, serial_forest, infiniplex_forest_straight_2,
          infiniplex_forest_clump_diagonal, infiniplex_forest_straight_4,
          infiniplex_forest_clump_large, infiniplex_forest_clump_curved,
          infiniplex_forest_lined_1, gammafunk_ghost_nasty_kobolds,
          palyth_stone_intersect
D:4:      cheibrodos_helix_gallery, layout_loops_ring, st_stairs_8,
          solitary_fountain, chequers_serial_rivers_small_b,
          chequers_mini_garden, uniq_sigmund
D:5:      layout_layer_cave
D:6:      cheibrodos_fertilizer, layout_rooms, minmay_temple_entry_tees,
          st_stairs_5, uniq_eustachio
D:7:      minmay_angry_zag, layout_basic, tso_metal_star
D:8:      layout_basic, kennysheep_orc_sif_temple, minmay_crystal_room,
          kennysheep_generic_room_12, uniq_gastronok, uniq_pikel, uniq_erica
D:9:      layout_roguey, lemuel_round_altar, dpeg_lair_monsters, serial_shops,
          kennysheep_mini_moat, special_room [special_room_orc]
D:10:     layout_layer_cave, nicolae_ru_great_annihilating_truth,
          kennysheep_generic_room_14
D:11:     layout_basic, serial_shops, shop, skrybe_limestone_x
D:12:     layout_layer_cave, zombieorc2_lemuel, nicolae_fountain_basement
D:13:     layout_long_grid, erik_vaults_2,
          hellmonk_guarded_unrand_vitality_bloodlust
D:14:     layout_stronghold, serial_shops, nicolae_inconvenience_store,
          okawaru_gym_becter, gammafunk_ghost_grave, gauntlet_entry_generic
D:15:     grunt_enter_depths_magical_seal, layout_basic, lemuel_doored_altar,
          nicolae_looking_at_the_future
Temple:   mainiacjoe_temple_coin_purse
Lair:1:   layout_regular_city
Lair:2:   layout_layer_cave, grunt_megastairs_2, lemuel_fruit_tree,
          serial_bayou_shore_b, serial_bayou_shore_a, uniq_sonja
Lair:3:   layout_misc_corridors, hellmonk_spider_entry_not_the_bees
Lair:4:   layout_regular_city, nicolae_swamp_entry_splash_gauntlet,
          minivault_25, nicolae_lair_time_for_slime
Lair:5:   layout_long_grid, slime_altar_1, uniq_josephine
Lair:6:   grunt_lair_end_beastmaster, layout_cellular_growth,
          nicolae_lair_yak_garden
Swamp:1:  layout_basic_swamp, evilmike_swamp_ruin_house_5, swamp_pool3,
          beargit_elvish_explorers
Swamp:2:  layout_falls_marsh, basic_altar, swamp_pool1,
          nicolae_swamp_drake_lake, infiniplex_staircase_pool
Spider:1: layout_chambers, hangedman_spider_tarantella_strand, uniq_mlioglotl,
          uniq_kirke, uniq_frances
Spider:2: layout_cave_pods, uniq_arachne
Spider:3: layout_chambers, nicolae_spider_cling_ruins, uniq_bai_suzhen,
          uniq_jorgrun
Spider:4: floodkiller_spider_rune_tomb, nicolae_spider_webbed_stairs
Orc:1:    layout_caves, basic_altar
Orc:2:    st_orc_town, layout_diamond_mine, uniq_azrael, uniq_donald

Skill      XL: |  1  2  3  4  5  6  7  8  9 10 11 12 13 14 15 16 17 |
---------------+----------------------------------------------------+-----
Axes           | 3 4 6 7 9 12 13 15 17 18 | 18.0
Fighting       | 4 5 6 7 11 12 13 14 15 16 17 | 17.0
Shields        | 4 5 6 7 11 12 13 | 13.0
Armour         | 4 5 6 7 9 10 12 13 | 13.0
Invocations    | 7 9 10 13 14 15 17 | 17.0
Dodging        | 1 4 6 7 |  7.0
Slings         | 5 7 9 |  9.0
Ice Magic      | 1 4 |  4.7
Spellcasting   | 1 4 |  4.0

Action                   |  1- 3 |  4- 6 |  7- 9 | 10-12 | 13-15 | 16-18 || total
-------------------------+-------+-------+-------+-------+-------+-------++-------
Melee: War axe           |   121 |   151 |   240 |   476 |     7 |    96 ||  1091
       Whip              |       |       |       |    75 |    12 |       ||    87
       Broad axe         |       |       |       |       |  1009 |   683 ||  1692
 Fire: Hunting sling     |       |       |       |       |    18 |   215 ||   233
Throw: Dart              |       |       |       |     4 |     1 |     5 ||    10
       Throwing net      |       |       |       |       |       |     1 ||     1
Invok: Heroism           |       |       |       |     4 |     7 |    12 ||    23
       Finesse           |       |       |       |       |     2 |     3 ||     5
Evoke: Wand              |       |       |       |     3 |     5 |     3 ||    11
  Use: Scroll            |       |    13 |     4 |     5 |    12 |     9 ||    43
       Potion            |       |     1 |     1 |     1 |       |     7 ||    10
 Stab: Sleeping          |       |       |     1 |       |       |       ||     1
       Paralysed         |       |       |       |       |     1 |       ||     1
       Held in net/web   |       |       |       |       |       |     2 ||     2
Armor: Scale mail        |    59 |       |       |       |       |       ||    59
       Leather armour    |       |    78 |    82 |    99 |       |       ||   259
       Chain mail        |       |       |       |   182 |   355 |   314 ||   851
Dodge: Dodged            |    72 |   108 |   123 |   199 |   416 |   461 ||  1379
Block: Buckler           |    28 |    42 |    73 |   123 |   171 |       ||   437
       Tower shield      |       |       |       |       |   339 |       ||   339
       Kite shield       |       |       |       |       |    58 |   498 ||   556
       Reflection        |       |       |       |       |    12 |    14 ||    26
